 Dungeon Crawl Stone Soup version 0.25.1-2-g60ff931df9 (webtiles) character file.

Game seed: 12038212111683068252

162 Acheron the Magician (level 5, -1/29 HPs)
             Began as a Gargoyle Wizard on Oct 9, 2020.
             Slain by a bullfrog skeleton (5 damage)
             ... on level 4 of the Dungeon.
             The game lasted 00:15:37 (1966 turns).

Acheron the Magician (Gargoyle Wizard)              Turns: 1966, Time: 00:15:38

Health: -1/29      AC: 15    Str: 10    XL:     5   Next: 43%
Magic:  10/10      EV: 12    Int: 19    God:
Gold:   68         SH:  0    Dex:  9    Spells: 3/10 levels left

rFire    . . .     SeeInvis .   A - +2 mace (protect)
rCold    . . .     Gourm    .   (no shield)
rNeg     + . .     Faith    .   s - +0 leather armour
rPois    ∞         Spirit   .   b - +1 hat
rElec    +         Reflect  .   (no cloak)
rCorr    .         Harm     .   (no gloves)
MR       .....                  (no boots)
Stlth    ++........             (no amulet)
HPRegen  0.09/turn              (no ring)
MPRegen  0.12/turn              (no ring)

@: protection aura
A: negative energy resistance 1, electricity resistance, unbreathing,
petrification resistance, rot immunity, AC +4
a: no special abilities


You were on level 4 of the Dungeon.
You were not hungry.

You visited 1 branch of the dungeon, and saw 4 of its levels.

You collected 68 gold pieces.

Inventory:

Hand Weapons
 i - a +1 spear of freezing
 m - a +2 flail of venom
 t - a +0 short sword
 u - a +0 hunting sling
 v - a +0 hand axe
 A - a +2 mace of protection (weapon)
Missiles
 e - 52 stones
 k - 28 sling bullets
 l - 9 poisoned darts (quivered)
 q - 3 boomerangs
Armour
 b - a +1 hat (worn)
 r - a +0 ring mail
 s - a +0 leather armour (worn)
Scrolls
 j - a scroll of magic mapping {unknown}
 n - a scroll of blinking {unknown}
 p - 3 scrolls of remove curse
 w - a scroll of amnesia {unknown}
 y - a scroll of teleportation
Potions
 a - a potion of stabbing {unknown}
 c - a potion of berserk rage
 f - a potion of ambrosia {unknown}
 h - a potion of flight {unknown}
 x - a potion of heal wounds {unknown}
 z - a potion of might {unknown}
Comestibles
 d - 3 rations
 g - a chunk of flesh


   Skills:
 * Level 1.3 Fighting
 + Level 1.7 Polearms
 * Level 0.4 Throwing
 * Level 1.1 Armour
 * Level 2.2 Dodging
 * Level 2.8 Stealth
 * Level 3.4 Spellcasting
 * Level 2.1 Conjurations
 * Level 0.5 Hexes
 * Level 1.1 Summonings
 * Level 1.1 Translocations


You had 3 spell levels left.
You knew the following spells:

 Your Spells              Type           Power        Failure   Level  Hunger
a - Magic Dart            Conj           ##..         9%          1    None
b - Blink                 Tloc           N/A          19%         2    ##.....
c - Call Imp              Summ           #.......     19%         2    ##.....
d - Slow                  Hex            #.......     24%         2    ##.....

Your spell library contained the following spells:

 Spells                   Type           Power        Failure   Level  Hunger
 Conjure Flame            Conj/Fire      #.......     36%         3    ###....
 Mephitic Cloud           Conj/Pois/Air  #.......     41%         3    ###....


Dungeon Overview and Level Annotations

Branches:
Dungeon (4/15)
 Temple: D:4-7

Altars:
Dithmenos

Annotations:
D:1 exclusion: 2 downstairs


Innate Abilities, Weirdness & Mutations

You are resistant to torment.
Your stone body is resilient. (AC +4)
You are immune to poison.
You resist negative energy. (rN+)
You are resistant to electric shocks. (rElec)
You can survive without breathing.
You are immune to petrification.
You are immune to rotting.


Message History

The bullfrog skeleton is lightly damaged.
The jackal closely misses you.
The bullfrog skeleton closely misses you.
The jackal barely misses you.
The bullfrog skeleton barely misses you.
Your +2 flail of venom stops dripping with poison.
Your +2 mace of protection hums with potential!
A - a +2 mace of protection (weapon)
The jackal bites you but does no damage.
You hit the bullfrog skeleton.
Your weapon exudes an aura of protection.
The bullfrog skeleton is moderately damaged.
You kill the jackal!
The bullfrog skeleton hits you but does no damage.
The bullfrog skeleton closely misses you.
You hit the bullfrog skeleton.
The bullfrog skeleton is heavily damaged.
The bullfrog skeleton closely misses you.
The bullfrog skeleton hits you.
You die...

.##.## ....
#.#.....# ......
..... #.#.....#
...... .....
#.#.#+#.#
......###+#.....
.o..# .#
...............
....# #
............
....# #.....#
#oS..# #...Z†#
##.... #...†@#
#.... ####+##
#...S.# #.....#
#.....# #..l...
#.......
#.......
#......[#


You could see a bullfrog skeleton.

Vanquished Creatures
  A hound (D:4)
  An orc wizard (D:3)
  Robin (D:2)
  An adder (D:2)
  An ooze (D:2)
  2 dart slugs
  A leopard gecko (D:3)
  7 orcs
  7 bats
  A giant cockroach (D:2)
  7 goblins
  9 hobgoblins
  13 jackals
  4 frilled lizards
  3 kobolds
  3 rats
62 creatures vanquished.

Notes
Turn   | Place    | Note
-------+----------+-------------------------------------------
     0 | D:1      | Acheron the Gargoyle Wizard began the quest for the Orb.
     0 | D:1      | Reached XP level 1. HP: 10/10 MP: 4/4
   158 | D:1      | Reached XP level 2. HP: 15/15 MP: 4/6
   577 | D:2      | Found a shadowy altar of Dithmenos.
   633 | D:2      | Noticed Robin
   668 | D:2      | Killed Robin
   668 | D:2      | Reached skill level 1 in Polearms
   668 | D:2      | Reached XP level 3. HP: 11/20 MP: 7/7
   921 | D:2      | Learned a level 2 spell: Blink
   924 | D:2      | Learned a level 2 spell: Call Imp
   927 | D:2      | Learned a level 2 spell: Slow
  1121 | D:3      | Reached skill level 1 in Fighting
  1280 | D:2      | Reached skill level 1 in Summonings
  1298 | D:2      | Reached XP level 4. HP: 25/25 MP: 8/8
  1547 | D:3      | Reached skill level 1 in Translocations
  1661 | D:3      | Reached XP level 5. HP: 29/29 MP: 10/10
  1940 | D:4      | Reached skill level 1 in Armour
  1966 | D:4      | Slain by a bullfrog skeleton

Illustrated notes

Levels and vault maps discovered:
D:1:      dpeg_arrival_stonehenge_8_columns, layout_basic
D:2:      layout_basic, overflow_temple_1_default, first_ration,
          grunt_dithmenos_smoke, uniq_robin
D:3:      cheibrodos_old_hovel, layout_basic, uniq_terence
D:4:      black_bear_nest_2, layout_basic, lemuel_crystal_altar, serial_shops,
          shop

Skill      XL: |  1  2  3  4  5 |
---------------+----------------+-----
Polearms       | 1 |  1.7
Fighting       | 1 |  1.3
Summonings     | 1 |  1.1
Translocations | 1 |  1.1
Dodging        | 2 |  2.2
Conjurations   | 2 |  2.1
Armour         | 1 |  1.1
Throwing       | |  0.4
Stealth        | |  2.8
Spellcasting   | |  3.4
Hexes          | |  0.5

Action                   |  1- 3 |  4- 6 || total
-------------------------+-------+-------++-------
Melee: Spear             |   111 |   150 ||   261
       Flail             |       |    15 ||    15
       Mace              |       |     2 ||     2
 Cast: Magic Dart        |    10 |       ||    10
  Use: Scroll            |     3 |     3 ||     6
       Potion            |       |     1 ||     1
 Stab: Sleeping          |     3 |       ||     3
       Distracted        |       |     1 ||     1
  Eat: Chunk             |     1 |     3 ||     4
Armor: Robe              |     4 |       ||     4
       Leather armour    |    29 |   106 ||   135
Dodge: Dodged            |    61 |   158 ||   219
